 Dungeon Crawl Stone Soup version 0.31.0-12-g77e489cdc1 (webtiles) character file.

Game seed: 3816466245526056211

21 jagang the Slasher (level 2, -3/24 HPs)
             Began as a Human Monk on Feb 12, 2024.
             Slain by a gnoll
             ... wielding a +0 club
              (6 damage)
             ... on level 1 of the Dungeon on Feb 13, 2024.
             The game lasted 00:02:02 (428 turns).

jagang the Slasher (Human Monk)                      Turns: 428, Time: 00:02:03

Health: -3/24      AC:  3    Str: 11    XL:     2   Next: 87%
Magic:  2/2        EV: 13    Int: 10    God:
Gold:   99         SH:  0    Dex: 15    Spells: 1/1 levels left

rFire   . . .        a - +0 falchion
rCold   . . .        d - orb {light}
rNeg    . . .        b - +0 robe
rPois   .            (no helmet)
rElec   .            (no cloak)
rCorr   .            (no gloves)
SInv    .            i - +0 pair of boots
Will    .....        (no amulet)
Stlth   +            (no ring)
HPRegen 0.24/turn    (no ring)
MPRegen 0.08/turn

%: no passive effects
@: glowing
A: explore regen
a: no special abilities


You were on level 1 of the Dungeon.
You visited 1 branch of the dungeon, and saw 1 of its levels.

You collected 99 gold pieces.

Inventory:

Hand Weapons
 a - a +0 falchion (weapon)
Armour
 b - a +0 robe (worn)
 d - an orb of light (worn)
 i - a +0 pair of boots (worn)
Jewellery
 j - a ring of ice
Scrolls
 f - a scroll of enchant weapon {unknown}
 g - a scroll of identify {unknown}
 h - a scroll of immolation {unknown}
 k - a scroll of poison {unknown}
Potions
 c - a potion of ambrosia
 e - a potion of heal wounds {unknown}


   Skills:
 * Level 3.4 Fighting
 * Level 3.4 Long Blades
 + Level 0.8 Armour
 - Level 3.0 Dodging


You had one spell level left.
You didn't know any spells.
Your spell library contained the following spells:

 Spells                   Type           Power      Damage    Failure   Level
 Tukima's Dance           Hex            0%         N/A       75%         3
 Passage of Golubria      Tloc           0%         N/A       98%         4
 Yara's Violent Unravell  Hex/Alch       0%         3d3       100%        5


Dungeon Overview and Level Annotations

Branches:
Dungeon (1/15)

Altars:

Shops:
D:1 *


Innate Abilities, Weirdness & Mutations

You regain HP and MP as you explore.


Message History

A rat comes into view.
Found a book of Necromancy.
A gnoll comes into view. It is wielding a +0 club.
The gnoll shouts!
The rat closely misses you.
You hit the rat but do no damage. The rat bites you but does no damage.
You hit the gnoll.
The gnoll is lightly wounded.
The rat bites you but does no damage.
A goblin comes into view. It is wielding a +0 dagger.
The gnoll closely misses you. The rat bites you but does no damage.
You barely miss the gnoll.
The gnoll is lightly wounded.
The gnoll misses you. The rat misses you.
You hit the gnoll but do no damage.
The gnoll is lightly wounded.
The gnoll closely misses you. The rat barely misses you.
You hit the gnoll.
The gnoll is heavily wounded.
The gnoll hits you with a +0 club. The rat bites you.
You barely miss the gnoll.
The gnoll is heavily wounded.
The gnoll misses you. The rat bites you.
You hit the gnoll but do no damage.
The gnoll is heavily wounded.
The gnoll hits you with a +0 club! The rat barely misses you.
You are too injured to fight recklessly!
You are too injured to fight recklessly!
You are too injured to fight recklessly!
Unknown command.
The gnoll closely misses you. The goblin attacks as it pursues you!
The goblin hits you with a +0 dagger.
You hit the goblin.
You kill the goblin!
The gnoll hits you with a +0 club!
* * * LOW HITPOINT WARNING * * *
You hit the gnoll.
The gnoll is severely wounded.
The gnoll hits you with a +0 club.
You die...

#....####...####. #
..##..### ###.## ## #. #
#.#### #.#.# # ##.##.#.#
#...# ## ........# #.###
##. #.#..#.# ###.######..
.#......# ##......##..†
........######....##.#....
..:....rg@...........'....
........######....##.#....
.#.##.#.# ##..###.##...
#.#.# #......###.. . ..#
##.##### ##. ## ### #(# ##
#.# # #.# # #.# ##


You could see a gnoll and a rat.

Vanquished Creatures
  2 bats (D:1)
  2 endoplasms (D:1)
  A giant cockroach (D:1)
  5 goblins (D:1)
  2 hobgoblins (D:1)
  2 ball pythons (D:1)
  A frilled lizard (D:1)
  A kobold (D:1)
  2 rats (D:1)
18 creatures vanquished.

Notes
Turn   | Place    | Note
-------+----------+-------------------------------------------
     0 | D:1      | jagang the Human Monk began the quest for the Orb.
     0 | D:1      | Reached XP level 1. HP: 18/18 MP: 1/1
   141 | D:1      | Reached XP level 2. HP: 24/24 MP: 2/2
   236 | D:1      | Found Ofiatag's General Store.
   428 | D:1      | Slain by a gnoll

Illustrated notes

Levels and vault maps discovered:
D:1:      eino_arrival_water_star, layout_loops_corners, serial_shops,
          shop_coins, shop, corexii_corridor_pit

Action                     || total
---------------------------++-------
  Melee: Falchion          ||    40
 Armour: Robe              ||    26
  Dodge: Dodged            ||    36
